 Dungeon Crawl Stone Soup version 0.30-a0-847-g17996783a1 (webtiles) character file.

Game seed: 944755256829964344

4 Ceno the Sneak (level 1, -13/10 HPs)
             Began as a Felid Delver on Mar 3, 2023.
             Mangled by a sleepcap (15 damage)
             ... on level 5 of the Dungeon.
             The game lasted 00:01:24 (359 turns).

Ceno the Sneak (Felid Delver)                        Turns: 359, Time: 00:01:25

Health: -13/10     AC:  1    Str:  8    XL:     1   Next: 50%
Magic:  2/2        EV:  4    Int: 11    God:
Gold:   8          SH:  0    Dex: 17    Spells: 0/0 levels left
                                        Lives:  0   Deaths: 0

rFire   . . .      SeeInvis +      - Unarmed
rCold   . . .      Faith    .    (shield unavailable)
rNeg    . . .      Spirit   .    (body armour unavailable)
rPois   .          Reflect  .    (helmet unavailable)
rElec   .          Rampage  .    (cloak unavailable)
rCorr   .                        (gloves unavailable)
Will    .....                    (boots unavailable)
Stlth   ++++                     j - amulet of magic regeneration
HPRegen 0.21/turn                (no ring)
MPRegen 0.48/turn                (no ring)

@: sleeping, quick
A: very small, claws 1, fangs 3, see invisible, speed 1, shaggy fur 1, stealthy
paws, no weapons or thrown items, no armour, multi-lived
a: no special abilities


You were on level 5 of the Dungeon.
You visited 1 branch of the dungeon, and saw 1 of its levels.

You collected 8 gold pieces.

Inventory:

Jewellery
 j - an amulet of magic regeneration (around neck)
Wands
 e - a wand of digging (3)
 h - a wand of paralysis (6)
Scrolls
 a - a scroll of fog
 b - a scroll of magic mapping
 c - a scroll of fear
 f - a scroll of immolation {unknown}
 g - a scroll of identify {unknown}
Potions
 d - a potion of haste
 i - a potion of magic {unknown}


   Skills:
 - Level 3.0 Fighting
 - Level 2.6 Dodging
 * Level 6.8 Stealth
 + Level 2.1 Unarmed Combat


You couldn't memorise any spells.
You didn't know any spells.
Your spell library contained the following spells:

 Spells                   Type           Power      Damage    Failure   Level
 Ozocubu's Armour         Ice            0%         N/A       71%         3
 Ozocubu's Refrigeration  Ice            0%         4d7       100%        7


Dungeon Overview and Level Annotations

Branches:
Dungeon (5/15)
 Temple: D:4-7

Altars:

Annotations:
D:5 Edmund


Innate Abilities, Weirdness & Mutations

You have sharp claws.
You have razor-sharp teeth.
You have supernaturally acute eyesight. (SInv)
You cover ground quickly. (Speed+)
You are covered in fur. (AC +1)
Your paws help you pounce on unaware monsters.
You are incapable of wielding weapons or throwing items.
You cannot wear armour.
You gain extra lives every three experience levels.


Message History

You scratch the sleepcap.
The sleepcap is lightly damaged.
The sleepcap releases spores at you but does no damage.
You scratch the sleepcap but do no damage.
The sleepcap is lightly damaged.
The sleepcap closely misses you.
You scratch the sleepcap but do no damage.
The sleepcap is lightly damaged.
The sleepcap releases spores at you.
You are engulfed in a cloud of soporific spores!
You scratch the sleepcap.
The sleepcap is lightly damaged.
The sleepcap misses you.
You scratch the sleepcap but do no damage.
The sleepcap is lightly damaged.
The sleepcap closely misses you.
You scratch the sleepcap.
The sleepcap is moderately damaged.
You scratch the sleepcap.
The sleepcap is moderately damaged.
The sleepcap barely misses you.
You scratch the sleepcap but do no damage.
The sleepcap is moderately damaged.
The sleepcap barely misses you.
You scratch the sleepcap.
The sleepcap is heavily damaged.
The sleepcap barely misses you.
You scratch the sleepcap.
The sleepcap is heavily damaged.
The sleepcap misses you.
You completely miss the sleepcap.
The sleepcap is heavily damaged.
The sleepcap releases spores at you.
Ouch! That really hurt!
* * * LOW HITPOINT WARNING * * *
You are engulfed in a cloud of soporific spores!
You fall asleep.
The sleepcap releases spores at you!
Ouch! That really hurt!
You die...

#.# #.# ####.###.#
......##.# #.h
####..##<# #.# #..##.#
#.# # #..##.# #.#####
####..##.# #.##..
......##.# #.##f#
####.##..# #.##@#
####.##.#####.##.#####
#....................#
..#.#.........######.#
......#.####### #.#
##.####.#
###.############ ##†#
#.# #...............
##.# #.#
#.#.....##...... ##>#
#.#####
#.#####.........


You could see a sleepcap.

Vanquished Creatures
  3 jackals (D:5)
3 creatures vanquished.

Notes
Turn   | Place    | Note
-------+----------+-------------------------------------------
     0 | D:5      | Ceno the Felid Delver began the quest for the Orb.
     0 | D:5      | Reached XP level 1. HP: 10/10 MP: 2/2
   218 | D:5      | Noticed Edmund
   342 | D:5      | Noticed a hound
   344 | D:5      | Noticed a sleepcap
   359 | D:5      | Mangled by a sleepcap

Illustrated notes

Levels and vault maps discovered:
D:5:      layout_loops_ring, grunt_temple_overflow_holy_war,
          okawaru_altar_gauntlet_db, gup_sewer_entry_bowl, dk_noncrumbling_3,
          uniq_edmund

Action                     || total
---------------------------++-------
  Melee: Unarmed           ||    26
 Armour: Skin              ||     2
  Dodge: Dodged            ||    20

Table legend: (Time is in decaauts)
 A = Elapsed time spent in this place.
 B = Non-inter-level travel time spent in this place.
 C = Inter-level travel time spent in this place.
 D = Time resting spent in this place.
 E = Time spent auto-exploring this place.
 F = Levels seen in this place.
 G = Mean time per level.
                   A        B        C        D        E       F      G
               +--------+--------+--------+--------+--------+-----+--------+
         Total |    294 |    294 |      0 |      0 |    100 |   1 |  294.0 |
       Dungeon |    294 |    294 |      0 |      0 |    100 |   1 |  294.0 |
               +--------+--------+--------+--------+--------+-----+--------+

Top non-repeatable levels by time:
     D:5: 294 daAuts
